 Dungeon Crawl Stone Soup version 0.28.0-53-g5a82cb258f (webtiles) character file.

Game seed: 8696203922811096082

1766 Sin92 the Stinger (level 8, 0/61 HPs)
             Began as a Demonspawn Venom Mage on June 26, 2022.
             Was a Follower of Okawaru.
             Asphyxiated
             ... on level 7 of the Dungeon.
             The game lasted 00:14:47 (8365 turns).

Sin92 the Stinger (Demonspawn Venom Mage)           Turns: 8365, Time: 00:14:48

Health: 0/61       AC: 16    Str: 11    XL:     8   Next: 79%
Magic:  15/15      EV:  6    Int: 17    God:    Okawaru [*.....]
Gold:   473        SH:  4    Dex: 13    Spells: 15/16 levels left

rFire   . . .      SeeInvis .   b - +2 spear (vorpal)
rCold   . . .      Faith    .   (no shield)
rNeg    . . .      Spirit   .   j - +0 chain mail
rPois   .          Reflect  .   (no helmet)
rElec   .          Harm     .   f - +2 cloak
rCorr   .          Rampage  .   e - +0 pair of gloves
Will    .....                   u - +0 pair of boots
Stlth   ..........              (no amulet)
HPRegen 0.20/turn               (no ring)
MPRegen 0.14/turn               (no ring)

@: mighty, brilliant, lethally poisoned (0 -> -13), slowed, very slow
A: foul stench 2, sharp scales 2, condensation shield, demonic touch 2
a: Renounce Religion, Heroism


You were on level 7 of the Dungeon.
You worshipped Okawaru.
Okawaru was aware of your devotion.
You visited 2 branches of the dungeon, and saw 8 of its levels.
You also visited: Sewer.

You collected 473 gold pieces.

Inventory:

Hand Weapons
 b - a +2 vorpal spear (weapon)
Armour
 a - a +0 robe
 e - a +0 pair of gloves (worn)
 f - a +2 cloak (worn)
 j - a +0 chain mail (worn)
 u - a +0 pair of boots (worn)
Jewellery
 h - a ring of fire
 q - a ring of magical power
 w - a ring of fire
Wands
 v - a wand of iceblast (5)
 x - a wand of charming (6)
 y - a wand of polymorph (6)
Scrolls
 g - 6 scrolls of identify
 k - 3 scrolls of summoning
 s - a scroll of silence
Potions
 c - 3 potions of resistance
 d - a potion of cancellation {unknown}
 i - a potion of heal wounds
 l - a potion of mutation {unknown}
 m - a potion of magic {unknown}
 n - 3 potions of might
 o - a potion of brilliance
 p - a potion of curing
 r - a potion of degeneration {unknown}
 t - a potion of ambrosia {unknown}


   Skills:
 + Level 4.3 Fighting
 + Level 3.9 Polearms
 + Level 3.9 Armour
 + Level 4.6 Dodging
 - Level 1.7 Stealth
 + Level 4.6 Spellcasting
 - Level 0.8 Transmutations
 + Level 5.3 Poison Magic


You had 15 spell levels left.
You knew the following spells:

 Your Spells              Type           Power      Damage    Failure   Level
a - Sting                 Tmut/Pois      84%        1d7       88%         1

Your spell library contained the following spells:

 Spells                   Type           Power      Damage    Failure   Level
 Poisonous Vapours        Pois/Air       38%        N/A       97%         2
 Beastly Appendage        Tmut           20%        N/A       99%         1
 Spider Form              Tmut/Pois      21%        N/A       99%         3
 Apportation              Tloc           10%        N/A       100%        1
 Blink                    Tloc           10%        N/A       100%        2
 Wereblood                Tmut           10%        N/A       100%        2
 Lesser Beckoning         Tloc           5%         N/A       100%        3
 Mephitic Cloud           Conj/Pois/Air  15%        N/A       100%        3
 Olgreb's Toxic Radiance  Pois           33%        N/A       100%        4
 Alistair's Intoxication  Tmut/Pois      14%        N/A       100%        5
 Manifold Assault         Tloc           5%         N/A       100%        5


Dungeon Overview and Level Annotations

Branches:
Dungeon (7/15)             Temple (1/1) D:5           Sewer (visited)

Altars:
Cheibriados
Dithmenos
Elyvilon
Fedhas
Gozag
Hepliaklqana
Makhleb
Nemelex Xobeh
Okawaru
Qazlal
Sif Muna
Trog
Wu Jian
Xom
Yredelemnul
Zin
The Shining One

Shops:
D:2 ?(*=[


Innate Abilities, Weirdness & Mutations

You sometimes emit foul miasma when damaged in melee.
You are mostly covered in razor-sharp scales. (AC +2, Slay +2)
A meltable shield of frost defends you. (SH +4)
Your touch may inflict irresistible damage on your foes.


Message History

The curare-tipped dart barely misses you.
The centaur unwields a +0 shortbow.
The centaur hits you but does no damage.
The centaur kicks you but does no damage.
The kobold hits you but does no damage. x2
An orc priest comes into view. It is wielding a +0 club.
It was a potion of brilliance.
You feel clever all of a sudden.
* * * LOW HITPOINT WARNING * * *
You feel very sick. You block the centaur's attack. The centaur kicks you.
* * * LOW HITPOINT WARNING * * *
The kobold hits you but does no damage. The kobold barely misses you.
The kobold brigand barely misses you.
The centaur hits you but does no damage.
The centaur kicks you.
* * * LOW HITPOINT WARNING * * *
Unknown command.
It was a potion of curing.
You feel better.
The centaur hits you but does no damage.
The centaur closely misses you. The kobold closely misses you.
The kobold hits you but does no damage. The kobold brigand barely misses you.
The centaur hits you but does no damage.
The centaur kicks you but does no damage.
You block the kobold's attack.
The kobold hits you with a +0 short sword.
* * * LOW HITPOINT WARNING * * *
You emit a cloud of foul miasma!
The kobold brigand barely misses you.
The centaur wields a +0 shortbow.
The centaur shoots an arrow.
The arrow hits you!
* * * LOW HITPOINT WARNING * * *
The kobold is engulfed in dark miasma.
The kobold is poisoned.
You kill the kobold!
Okawaru accepts your kill. The kobold barely misses you.
The kobold brigand throws a curare-tipped dart.
The curare-tipped dart hits you.
You are lethally poisoned!
You have difficulty breathing.
You die...

#### ... #..
#.####
#.#.KK.#######
#..cc.@.......
#..o#.☼#.####### .
#..#.#
#...#.#######..#
...#.#.#........#
#####.#.#.#####.##
..#..........#
#######.#####..#
...............#


You could see a kobold brigand, 2 centaurs, an orc priest and a kobold.

Vanquished Creatures
  Pargi (Sewer)
  A black bear (D:5)
  2 sky beasts
  An orc warrior (D:6)
  3 necrophages
  5 ogres
  A phantom (D:5)
  A centaur zombie (D:6)
  A hound (D:6)
  A centaur skeleton (D:5)
  An orc priest (D:7)
  A jelly (D:6)
  4 iguanas
  3 orc wizards (D:6)
  4 gnolls
  8 adders
  A shadow imp (D:6)
  A white imp (D:3)
  An adder skeleton (D:4)
  3 worms
  4 dart slugs
  9 orcs
  5 bats
  6 endoplasms
  5 giant cockroaches
  7 goblins
  7 hobgoblins
  10 kobolds
  4 quokkas
  5 ball pythons
  8 frilled lizards
  7 rats
  A spectral orc (D:3)
122 creatures vanquished.

Vanquished Creatures (others)
  5 plants (D:5)
5 creatures vanquished.

Grand Total: 127 creatures vanquished

Notes
Turn   | Place    | Note
-------+----------+-------------------------------------------
     0 | D:1      | Sin92 the Demonspawn Venom Mage began the quest for the
                  | Orb.
     0 | D:1      | Reached XP level 1. HP: 13/13 MP: 3/3
   508 | D:1      | Gained mutation: A meltable shield of frost defends you.
                  | (SH +4) [demonic ancestry]
   508 | D:1      | Reached XP level 2. HP: 20/20 MP: 5/5
  1297 | D:2      | Found a blossoming altar of Fedhas.
  1346 | D:2      | Gained mutation: Your touch may inflict minor irresistible
                  | damage on your foes. [demonic ancestry]
  1346 | D:2      | Reached XP level 3. HP: 22/25 MP: 6/6
  1499 | D:2      | Found Isaf's Weapon Shoppe.
  1522 | D:2      | Reached skill level 1 in Fighting
  1675 | D:2      | Found Lirph's Magic Scroll Boutique.
  1830 | D:2      | Found Aziv's Antique Armour Shoppe.
  1959 | D:2      | Found Cagopp's Assorted Antiques.
  1998 | D:2      | Reached skill level 1 in Armour
  2104 | D:2      | Found Jafiwic's Jewellery Emporium.
  2183 | D:3      | Reached skill level 1 in Polearms
  2279 | D:3      | Gained mutation: You are partially covered in razor-sharp
                  | scales. (AC +1, Slay +1) [demonic ancestry]
  2279 | D:3      | Reached XP level 4. HP: 30/32 MP: 7/7
  2292 | D:3      | Found a faded altar of an unknown god.
  2437 | D:3      | Found a basalt altar of Yredelemnul.
  2685 | D:3      | Found a shadowy altar of Dithmenos.
  2694 | D:3      | Noticed a necrophage
  2704 | D:3      | Killed a necrophage
  2705 | D:3      | Gained mutation: You may rarely emit foul miasma when
                  | damaged in melee. [demonic ancestry]
  2705 | D:3      | Reached XP level 5. HP: 14/38 MP: 5/9
  2720 | D:3      | Found a glowing drain.
  2760 | Sewer    | Entered a sewer
  2981 | Sewer    | Noticed Pargi
  2994 | Sewer    | Killed Pargi
  2995 | Sewer    | Gained mutation: You are mostly covered in razor-sharp
                  | scales. (AC +2, Slay +2) [demonic ancestry]
  2995 | Sewer    | Reached XP level 6. HP: 28/44 MP: 7/10
  3952 | D:4      | Reached skill level 4 in Poison Magic
  4480 | D:4      | Gained mutation: You sometimes emit foul miasma when
                  | damaged in melee. [demonic ancestry]
  4480 | D:4      | Reached XP level 7. HP: 24/51 MP: 8/12
  5503 | D:4      | Identified the -3 helmet of Ymoix {rElec Str+4}
  5598 | D:5      | Entered Level 5 of the Dungeon
  5722 | D:5      | Identified the +1 leather armour of Bokesh {rF++ rN+ Str-4}
  6004 | D:5      | Found a hazy altar of Hepliaklqana.
  6291 | D:5      | Gained mutation: Your touch may inflict irresistible damage
                  | on your foes. [demonic ancestry]
  6291 | D:5      | Reached XP level 8. HP: 50/58 MP: 13/13
  6616 | D:5      | Found a staircase to the Ecumenical Temple.
  6873 | Temple   | Entered the Ecumenical Temple
  7038 | Temple   | Became a worshipper of Warmaster Okawaru
  7326 | D:6      | Reached skill level 5 in Poison Magic
  7569 | D:6      | Found a shimmering blue altar of Sif Muna.
  7569 | D:6      | Found a snail-covered altar of Cheibriados.
  7982 | D:6      | Reached * piety under Okawaru
  8365 | D:7      | HP: 3/61 [centaur/arrow (9)]
  8365 | D:7      | Asphyxiated

Illustrated notes

Levels and vault maps discovered:
D:1:      moated_graveyard_arrival, layout_basic, minmay_misc_feat_square
D:2:      layout_basic, basic_altar, serial_shops, nicolae_shop_behind_doors,
          nicolae_shop_competitors_out_of_business, shop, shop,
          nicolae_shop_bloodbath_and_beyond
D:3:      minmay_angry_zag, layout_loops_ring,
          yredelemnul_forgotten_temple_becter, lemuel_crystal_altar,
          portal_sewer_entry_c, ebering_ecumenical_altar_webs
D:4:      layout_basic, minmay_misc_feat_alley, grunt_ministairs_6,
          kennysheep_generic_room_16
D:5:      nicolae_cairo_tiling_large_dashed, layout_loops_cross,
          nicolae_hepliaklqana_hazy_memory, tso_oasis_becter,
          minmay_temple_entry_fiery, amcnicky_mini_rare_corridor_liquid
D:6:      layout_loops_ring, gammafunk_temple_overflow_wave,
          kennysheep_cross_bottleneck
D:7:      layout_basic, hangedman_ru_absence, general_overflow_altar,
          minmay_manual_mares
Temple:   nicolae_temple_figure_eight

Skill      XL: |  1  2  3  4  5  6  7  8 |
---------------+-------------------------+-----
Dodging        | 2 3 4 |  4.6
Fighting       | 1 2 3 4 |  4.3
Armour         | 1 2 3 |  3.9
Polearms       | 1 2 3 |  3.9
Spellcasting   | 3 4 |  4.6
Poison Magic   | 4 5 |  5.3
Stealth        | |  1.7
Transmutations | |  0.8

Action                   |  1- 3 |  4- 6 |  7- 9 || total
-------------------------+-------+-------+-------++-------
Melee: Spear             |   109 |   127 |   172 ||   408
       Punch             |     1 |     1 |     3 ||     5
       Touch             |     7 |    18 |    34 ||    59
 Cast: Sting             |     2 |     8 |       ||    10
  Use: Scroll            |     2 |     5 |     3 ||    10
       Potion            |       |       |     4 ||     4
 Stab: Sleeping          |     6 |     5 |       ||    11
       Distracted        |       |     1 |       ||     1
Armor: Robe              |    18 |    29 |       ||    47
       Chain mail        |       |     2 |    80 ||    82
Dodge: Dodged            |    51 |    69 |    42 ||   162
Block: Other             |     7 |    24 |    24 ||    55
